Map: Shipwrecked LE

Players

Evangelina

  • Race: Zerg Zerg
  • Spawn Location: 9:00

LtPrime

  • Race: Protoss Protoss
  • Spawn Location: 12:00

Terminator

  • Race: Terran Terran
  • Spawn Location: 9:00

MooEsqoo

  • Race: Protoss Protoss
  • Spawn Location: 11:00

Lonesto

  • Race: Zerg Zerg
  • Spawn Location: 5:00

Daprince

  • Race: Protoss Protoss
  • Spawn Location: 5:00

Alix

  • Race: Zerg Zerg
  • Spawn Location: 6:00

Night

  • Race: Zerg Zerg
  • Spawn Location: 3:00

VOD

Have the link to the VOD?

Description

Time

  • Played on: Nov. 19, 2019, 4:10 p.m.
  • Length: 6:00
Show
View Real Time Build Order
Export as new Build Order

Evangelina Zerg 

Build Orders: Pool First 

Get SALT Encoding   

  12  0:22  Spawning Pool  
  11  0:31  Evolution Chamber  
  11  0:34  Extractor  
  9  0:40  Extractor  
  8  0:52  Drone x3  
  11  1:27  Zergling x4  
  11  1:28  Zergling x2  
  14  1:55  Hatchery  
  13  2:16  Lair  
  8  2:57  Zergling x6  
  8  3:22  Zergling x2  
  7  4:19  Drone x3  
  10  4:37  Infestation Pit  
  9  4:47  Drone x2  
  12  5:00  Drone x2  
  13  5:17  Swarm Host  
  16  5:32  Drone x3  
Show
View Real Time Build Order
Export as new Build Order

LtPrime Protoss 

Build Orders:  

Get SALT Encoding   

  12  0:04  Probe (Chrono Boost)  
  13  0:24  Pylon  
  13  0:27  Probe  
  14  0:39  Probe  
  15  0:48  Gateway  
  15  1:02  Assimilator, Probe  
  16  1:41  Assimilator  
  16  1:47  Pylon  
  16  1:58  Pylon  
  16  2:06  Cybernetics Core  
  16  2:47  Stargate  
  16  3:07  Probe (Chrono Boost)  
  16  3:11  Probe (Chrono Boost)  
  16  3:14  Stargate  
  17  3:23  Probe (Chrono Boost)  
  19  3:34  Probe (Chrono Boost)  
  19  3:35  Shield Battery  
  19  3:39  Probe (Chrono Boost), Void Ray  
  24  3:55  Probe  
  25  4:07  Probe  
  25  4:09  Nexus  
  26  4:15  Void Ray (Chrono Boost)  
  26  4:19  Probe  
Show
View Real Time Build Order
Export as new Build Order

Terminator Terran 

Build Orders:  

Get SALT Encoding   

  12  0:22  SCV  
  13  0:31  Supply Depot  
  13  0:34  SCV  
  14  0:36  Supply Depot  
  14  0:47  SCV  
  15  0:57  Barracks  
  15  0:59  SCV  
  16  1:10  Barracks  
  16  1:17  Refinery  
  16  1:18  SCV  
  17  1:59  Barracks  
  17  2:10  Command Center  
  17  2:16  Refinery  
  17  2:20  SCV  
  18  2:27  Marine  
  18  2:29  Marine  
  20  2:45  Marine  
  20  2:47  Marine  
  22  2:53  Marine  
  23  2:59  Factory  
  23  3:03  Marine  
  23  3:05  Marine  
  25  3:09  Orbital Command  
  21  3:48  Factory Tech Lab  
  21  3:52  Marine x3, Starport  
  24  4:10  Marine  
  25  4:30  Starport Reactor  
  25  4:33  Siege Tank  
  28  4:39  SCV  
  29  4:49  Refinery  
  29  4:51  SCV  
  30  5:02  Marine  
  31  5:17  Medivac x2  
Show
View Real Time Build Order
Export as new Build Order

MooEsqoo Protoss 

Build Orders: 1 Gate Expand 

Get SALT Encoding   

  12  0:01  Probe  
  13  0:15  Pylon  
  13  0:19  Probe  
  14  0:34  Gateway  
  14  0:36  Probe  
  15  0:48  Probe  
  16  0:52  Assimilator  
  16  1:05  Probe (Chrono Boost)  
  17  1:16  Probe (Chrono Boost)  
  18  1:28  Probe  
  18  1:32  Nexus  
  19  1:41  Cybernetics Core  
  19  2:00  Assimilator  
  19  2:20  Adept (Chrono Boost)  
  21  2:43  Adept  
  22  3:03  Shield Battery  
  22  3:09  Gateway  
  22  3:13  Gateway  
  22  3:20  Probe  
  23  3:27  Stalker  
  25  3:47  Warp Gate (Chrono Boost)  
  25  3:55  Probe  
  26  3:58  Assimilator  
  26  4:02  Assimilator  
  26  4:03  Pylon  
  26  4:04  Stalker  
  26  4:06  Pylon  
  26  4:07  Probe, Stalker (Chrono Boost)  
  26  4:08  Stalker (Chrono Boost)  
  33  4:18  Probe  
  33  4:21  Probe  
  35  4:30  Probe  
  36  4:33  Probe  
  39  4:43  Stalker (Chrono Boost)  
  39  4:54  Shield Battery  
  39  4:58  Pylon  
  39  5:01  Probe x2, Stalker (Chrono Boost)  
  39  5:02  Stalker (Chrono Boost)  
  45  5:09  Stalker (Chrono Boost)  
  45  5:13  Probe  
  45  5:14  Probe  
  49  5:19  Shield Battery  
  43  5:45  Stalker x3  
Show
View Real Time Build Order
Export as new Build Order

Lonesto Zerg 

Build Orders: Pool First 

Get SALT Encoding   

  12  0:01  Drone  
  13  0:08  Drone  
  14  0:18  Overlord  
  14  0:36  Spawning Pool  
  14  0:39  Drone  
  14  0:43  Drone  
  15  0:52  Drone x2  
  17  1:09  Drone  
  18  1:12  Drone  
  19  1:30  Hatchery  
  18  1:46  Drone x3  
  21  2:08  Spine Crawler  
  20  2:10  Spine Crawler  
  19  2:18  Spine Crawler  
  19  2:21  Spine Crawler  
  17  2:24  Extractor  
  16  3:23  Drone x2  
  16  3:24  Drone  
  19  3:48  Drone  
  19  3:49  Drone x2  
  19  3:50  Queen  
  19  3:51  Queen  
  26  4:06  Extractor  
  25  4:15  Drone x3  
  28  4:22  Overlord x3  
  28  4:39  Queen  
  30  4:58  Lair  
  30  5:01  Hatchery  
  30  5:02  Zergling x6  
  32  5:15  Hatchery  
  32  5:16  Spore Crawler  
  32  5:19  Spore Crawler  
  29  5:35  Drone x3  
Show
View Real Time Build Order
Export as new Build Order

Daprince Protoss 

Build Orders:  

Get SALT Encoding   

  12  0:02  Probe  
  13  0:16  Pylon  
  13  0:18  Probe  
  14  0:44  Gateway  
  14  0:47  Gateway  
  14  0:48  Probe  
  15  1:00  Probe  
  16  1:04  Gateway  
  16  1:12  Probe  
  17  1:34  Zealot  
  17  1:35  Zealot  
  21  1:41  Gateway  
  21  1:47  Gateway  
  21  1:53  Zealot  
  23  2:08  Pylon  
  23  2:26  Zealot  
  23  2:28  Pylon  
  25  2:37  Nexus  
  25  2:49  Zealot  
  25  2:50  Zealot  
  29  2:55  Zealot  
  31  3:03  Zealot  
  33  3:08  Zealot  
  35  3:27  Assimilator  
  35  3:30  Probe  
  36  3:43  Probe  
  37  3:49  Probe  
  37  3:55  Probe  
  39  3:59  Zealot x2  
  39  4:01  Probe  
  44  4:07  Probe  
  45  4:13  Probe  
  46  4:24  Zealot  
  46  4:25  Probe, Zealot x2  
  53  5:00  Pylon  
  53  5:10  Forge  
  53  5:18  Zealot  
Show
View Real Time Build Order
Export as new Build Order

Alix Zerg 

Build Orders: Hatch First 

Get SALT Encoding   

  12  0:08  Drone x2  
  14  0:45  Hatchery  
  14  0:49  Drone  
  14  0:51  Overlord  
  14  1:06  Spawning Pool  
  14  1:09  Drone  
  14  1:13  Extractor  
  13  1:23  Drone x2  
  15  1:32  Drone  
  16  1:38  Drone  
  17  1:46  Drone  
  18  1:47  Extractor  
  17  1:56  Queen  
  17  2:00  Drone  
  20  2:20  Lair  
  20  2:24  Drone  
  20  2:27  Drone  
  22  2:33  Drone x2  
  24  2:39  Drone  
  24  2:42  Drone  
  26  2:50  Evolution Chamber  
  25  2:54  Evolution Chamber  
  25  2:55  Drone  
  25  2:56  Drone  
  25  2:58  Drone  
  27  3:07  Drone  
  27  3:12  Spine Crawler  
  27  3:14  Spore Crawler, Drone  
  27  3:18  Overlord  
  27  3:21  Drone  
  28  3:29  Hydralisk Den  
  27  3:34  Nydus Network  
  27  3:36  Drone  
  27  3:38  Drone  
  28  3:42  Drone  
  28  3:43  Drone  
  28  3:45  Drone  
  28  3:48  Drone  
  32  3:52  Overlord  
  32  4:11  Hydralisk x3  
  32  4:13  Nydus Canal  
  38  4:19  Hydralisk x2  
  42  4:32  Nydus Canal  
  42  4:33  Hydralisk  
  42  4:36  Overlord x2  
  44  4:54  Overlord x4  
  44  4:56  Hydralisk  
  46  5:00  Queen  
  46  5:04  Spore Crawler  
  46  5:06  Spine Crawler  
  46  5:09  Hydralisk  
  46  5:10  Hydralisk x2  
  52  5:24  Nydus Canal  
  52  5:38  Nydus Canal  
Show
View Real Time Build Order
Export as new Build Order

Night Zerg 

Build Orders: Pool First 

Get SALT Encoding   

  12  0:02  Drone  
  13  0:09  Drone  
  14  0:30  Spawning Pool  
  13  0:49  Extractor  
  12  0:53  Extractor  
  12  0:54  Drone x3  
  14  1:08  Overlord  
  14  1:20  Overlord  
  14  1:28  Zergling x2  
  14  1:32  Queen  
  15  1:38  Zergling x2  
  18  1:40  Metabolic Boost  
  18  1:54  Zergling x2  
  19  2:18  Hatchery  
  18  2:24  Zergling x4  
  19  2:40  Zergling x4  
  21  2:46  Spine Crawler  
  20  2:51  Zergling x2  
  20  2:54  Zergling x4  
  23  3:00  Zergling x2  
  24  3:24  Zergling x6  
  27  3:33  Zergling x2  
  28  3:40  Zergling x2  
  29  3:44  Zergling x2  
  29  3:47  Zergling x2  
  31  3:49  Queen  
  33  3:56  Overlord  
  32  5:09  Spore Crawler  
  32  5:13  Spore Crawler, Queen  
Tags
 
Add a new tag
Caveats
  • Supply blocks, unpowered buildings, or Contaminate may cause inaccurate times.
  • Supply counts are checked every 10 seconds.